 Dungeon Crawl Stone Soup version 0.27.0-66-gdc8fb28755 (webtiles) character file.

Game seed: 10799997259862537499

25 loansindi the Cudgeller (level 2, 0/29 HPs)
             Began as a Troll Berserker on Aug 19, 2021.
             Was a Follower of Trog.
             Succumbed to a scorpion's poison
             ... on level 2 of the Dungeon.
             The game lasted 00:01:56 (915 turns).

loansindi the Cudgeller (Troll Berserker)            Turns: 915, Time: 00:01:57

Health: 0/29       AC:  4    Str: 24    XL:     2   Next: 82%
Magic:  1/1        EV: 10    Int:  3    God:    Trog [*.....]
Gold:   27         SH:  0    Dex:  9    Spells: 1/1 levels left

rFire    . . .     SeeInvis .   a - +0 mace
rCold    . . .     Faith    .   (no shield)
rNeg     . . .     Spirit   .   b - +0 animal skin
rPois    .         Reflect  .   (helmet restricted)
rElec    .         Harm     .   (no cloak)
rCorr    .         Rampage  .   (gloves unavailable)
Will     .....                  (boots unavailable)
Stlth    +.........             (no amulet)
HPRegen  1.09/turn              (no ring)
MPRegen  0.07/turn              (no ring)

@: lethally poisoned (0 -> -1)
A: large, unfitting armour, claws 3, regeneration 1, shaggy fur 1, tough skin 1
a: Renounce Religion, Berserk


You were on level 2 of the Dungeon.
You worshipped Trog.
Trog was aware of your devotion.
You visited 1 branch of the dungeon, and saw 2 of its levels.

You collected 27 gold pieces.

Inventory:

Hand Weapons
 a - a +0 mace (weapon)
 l - a +0 dagger of protection
Armour
 b - a +0 animal skin (worn)
 h - a +0 pair of gloves
Magical Staves
 g - a staff of air
Scrolls
 c - a scroll of noise {unknown}
 d - a scroll of teleportation {unknown}
 e - a scroll of amnesia {unknown}
 f - a scroll of immolation {unknown}
 i - a scroll of blinking {unknown}
 k - a scroll of identify {unknown}
Potions
 j - a potion of degeneration {unknown}
 m - 2 potions of flight {unknown}
 n - a potion of curing {unknown}


   Skills:
 + Level 2.7 Fighting
 + Level 3.2 Maces & Flails
 + Level 2.7 Dodging


You had one spell level left.
You didn't know any spells.
Your spell library contained the following spells:

 Spells                   Type           Power      Damage    Failure   Level
 Blink                    Tloc           N/A        N/A       67%         2
 Manifold Assault         Tloc           0%         N/A       100%        5
 Storm Form               Tmut/Air       0%         N/A       100%        7


Dungeon Overview and Level Annotations

Branches:
Dungeon (2/15)

Altars:

Shops:
D:1 (


Innate Abilities, Weirdness & Mutations

You are too large for most types of armour.
You have claws for hands.
Your natural rate of healing is unusually fast.
You are covered in fur. (AC +1)
You have tough skin. (AC +1)


Message History

You hit the endoplasm.
The endoplasm is moderately wounded.
A bat comes into view.
The endoplasm hits you but does no damage. x2
You sock the endoplasm!
You kill the endoplasm!
Trog accepts your kill. The bat hits you. The bat barely misses you.
You sock the bat!
You kill the bat!
Trog accepts your kill.
You see here a bat corpse.
A scorpion comes into view.
You closely miss the scorpion. The scorpion stings you.
You barely miss the scorpion. The scorpion stings you.
You are poisoned.
The scorpion poisons you!
The scorpion stings you but does no damage.
You hit the scorpion.
The scorpion is lightly wounded.
You feel very sick. The scorpion barely misses you.
You closely miss the scorpion.
The scorpion is lightly wounded.
You feel sick. The scorpion stings you.
You closely miss the scorpion.
The scorpion is lightly wounded.
You feel sick. The scorpion barely misses you. The scorpion stings you.
You closely miss the scorpion.
You feel sick. The scorpion stings you!
* * * LOW HITPOINT WARNING * * *
You are lethally poisoned!
The scorpion poisons you!
You hit the scorpion but do no damage.
* * * LOW HITPOINT WARNING * * *
You feel very sick. The scorpion closely misses you.
The scorpion stings you but does no damage.
You closely miss the scorpion.
You die...

#..# #####.## #..# #.# #..#
#.# #..# #.# #..# .######.##
#..# .......... #..#
#######.## #..#######.## #.#
#. #.....@s....########.# #..#
####.########...........#
#....##....# ........##
#......## #######.#
#...##.#.###### #†# ##
#.###....## #.# #†##......##
#.# ###.###.#..≈.≈≈..### #.#
........'§.§#.≈..'.#########.#


You could see a scorpion.

Vanquished Creatures
  A worm (D:2)
  2 endoplasms
  2 giant cockroaches (D:1)
  A hobgoblin (D:2)
  3 jackals (D:2)
  A quokka (D:1)
  3 ball pythons
  2 bats
  2 frilled lizards (D:1)
  2 kobolds
  3 rats (D:1)
22 creatures vanquished.

Notes
Turn   | Place    | Note
-------+----------+-------------------------------------------
     0 | D:1      | loansindi the Troll Berserker began the quest for the Orb.
     0 | D:1      | Reached XP level 1. HP: 22/22 MP: 0/0
   237 | D:1      | Found Oski's Antique Weapon Shoppe.
   334 | D:1      | Found a faded altar of an unknown god.
   348 | D:1      | Found a faded altar of an unknown god.
   356 | D:1      | Reached XP level 2. HP: 29/29 MP: 1/1
   514 | D:1      | Reached skill level 3 in Maces & Flails
   905 | D:2      | Noticed a scorpion
   914 | D:2      | HP: 1/29 [poisoned by a scorpion]
   915 | D:2      | Succumbed to a scorpion's poison

Illustrated notes

Levels and vault maps discovered:
D:1:      dpeg_arrival_solitude, layout_basic,
          hellmonk_ecumenical_altar_the_god_not_taken, serial_shops,
          shop_fountains, serial_bayou_lagoon_a
D:2:      layout_loops_ring, serial_shops, shop, kennysheep_generic_room_3,
          uniq_jessica

Skill      XL: |  1  2 |
---------------+-------+-----
Maces & Flails | 3 |  3.2
Fighting       | |  2.7
Dodging        | |  2.7

Action                   || total
-------------------------++-------
Melee: Mace              ||    68
 Stab: Sleeping          ||     1
Armor: Animal skin       ||    25
Dodge: Dodged            ||    35
